 Dungeon Crawl Stone Soup version 0.29-a0-275-g389c0b56f3 (webtiles) character file.

Game seed: 9150104987014307587

53 siradein the Bolt Thrower (level 3, -1/30 HPs)
             Began as a Ghoul Hunter on Mar 10, 2022.
             Slain by an orc
             ... wielding a +0 club
              (4 damage)
             ... on level 3 of the Dungeon.
             The game lasted 00:02:34 (1101 turns).

siradein the Bolt Thrower (Ghoul Hunter)            Turns: 1101, Time: 00:02:35

Health: -1/30      AC:  3    Str: 15    XL:     3   Next: 89%
Magic:  2/2        EV: 11    Int:  6    God:
Gold:   79         SH:  0    Dex: 11    Spells: 2/2 levels left

rFire   . . .      SeeInvis .   a - +1 hand crossbow
rCold   + . .      Faith    .   (no shield)
rNeg    + + +      Spirit   .   b - +0 leather armour
rPois   ∞          Reflect  .   (no helmet)
rElec   .          Harm     .   (no cloak)
rCorr   .          Rampage  .   (no gloves)
Will    .....                   (no boots)
Stlth   ++........              (no amulet)
HPRegen 0.00/turn               (no ring)
MPRegen 0.08/turn               (no ring)

@: inhibited regen
A: claws 1, cold resistance 1, negative energy resistance 3, inhibited
regeneration, torment resistance 2
a: no special abilities


You were on level 3 of the Dungeon.
You visited 1 branch of the dungeon, and saw 3 of its levels.

You collected 79 gold pieces.

Inventory:

Hand Weapons
 a - a +1 hand crossbow (weapon)
Armour
 b - a +0 leather armour (worn)
Scrolls
 c - 2 scrolls of immolation
 d - a scroll of teleportation {unknown}
 e - a scroll of holy word {unknown}
 f - a scroll of vulnerability {unknown}
 g - a scroll of fog {unknown}
 i - a scroll of identify {unknown}
 l - a scroll of magic mapping {unknown}
Potions
 h - a potion of invisibility {unknown}
 j - a potion of curing {unknown}
 k - a potion of degeneration {unknown}


   Skills:
 + Level 2.8 Fighting
 * Level 4.1 Crossbows
 + Level 2.2 Dodging
 + Level 2.0 Stealth


You had 2 spell levels left.
You didn't know any spells.
Your spell library was empty.

Dungeon Overview and Level Annotations

Branches:
Dungeon (3/15)

Altars:


Innate Abilities, Weirdness & Mutations

You thrive by killing the living.
You are immune to poison.
You have sharp fingernails.
Your flesh is cold resistant. (rC+)
You are immune to negative energy. (rN+++)
You do not regenerate when monsters are visible.
You are immune to unholy pain and torment.


Message History

You shoot a bolt. The gnoll shouts!
The bolt hits the orc.
You kill the orc!
You feel better.
The orc hits you from afar with a +0 trident!
You shoot a bolt.
The bolt hits the orc but does no damage.
The orc is heavily wounded.
The orc hits you but does no damage.
You shoot a bolt. The bolt closely misses the orc.
The bolt hits the orc!
You kill the orc!
You feel better. The orc hits you with a +0 club. x2
You shoot a bolt. The bolt hits the orc.
The orc is almost dead.
The orc hits you with a +0 club.
You are too injured to fight recklessly!
You are too injured to fight recklessly!
You are too injured to fight recklessly!
You are too injured to fight recklessly!
Shoot: a) +1 hand crossbow
Press: ? - help, Q - select action Shift-Dir - straight line, f/p - orc
Aim: an orc, wielding a +0 club and wearing a +0 leather armour (almost dead, 62% to hit)
You shoot a bolt. The bolt closely misses the orc. x2
The orc hits you with a +0 club.
* * * LOW HITPOINT WARNING * * *
Shoot: a) +1 hand crossbow
Press: ? - help, Q - select action Shift-Dir - straight line, f/p - orc
Aim: an orc, wielding a +0 club and wearing a +0 leather armour (almost dead, 62% to hit)
You shoot a bolt. The bolt closely misses the orc.
The bolt hits the orc but does no damage.
The orc barely misses you. The orc hits you with a +0 club.
* * * LOW HITPOINT WARNING * * *
Shoot: a) +1 hand crossbow
Press: ? - help, Q - select action Shift-Dir - straight line, f/p - orc
Aim: an orc, wielding a +0 club and wearing a +0 leather armour (almost dead, 62% to hit)
You shoot a bolt. The bolt closely misses the orc.
The bolt hits the orc.
The orc is moderately wounded.
The orc hits you with a +0 club.
You die...

# ####
.####g###############...
.....oo@...............#
...#################.#..
..<.......# ###########


You could see a gnoll and 2 orcs.

Vanquished Creatures
  An adder (D:3)
  A dart slug (D:1)
  2 orcs (D:3)
  4 ball pythons
  3 bats
  7 endoplasms
  A giant cockroach (D:1)
  4 goblins
  3 hobgoblins
  A quokka (D:3)
  4 frilled lizards
  3 kobolds
  4 rats
38 creatures vanquished.

Notes
Turn   | Place    | Note
-------+----------+-------------------------------------------
     0 | D:1      | siradein the Ghoul Hunter began the quest for the Orb.
     0 | D:1      | Reached XP level 1. HP: 17/17 MP: 0/0
    68 | D:1      | Reached XP level 2. HP: 25/25 MP: 1/1
   293 | D:1      | Reached XP level 3. HP: 29/30 MP: 2/2
   353 | D:2      | Reached skill level 4 in Crossbows
   469 | D:2      | Found a faded altar of an unknown god.
  1101 | D:3      | Slain by an orc

Illustrated notes

Levels and vault maps discovered:
D:1:      lemuel_arrival_hallway, layout_rooms
D:2:      layout_loops_ring, shapermc_ecumenical_altar_pompeii, minivault_11,
          grunt_ministairs_4
D:3:      layout_loops_ring, uniq_robin, uniq_sigmund

Skill      XL: |  1  2  3 |
---------------+----------+-----
Dodging        | 2 |  2.2
Crossbows      | 4 |  4.1
Stealth        | 2 |  2.0
Fighting       | |  2.8

Action                   || total
-------------------------++-------
 Fire: Hand crossbow     ||    94
Armor: Leather armour    ||     3
Dodge: Dodged            ||    17

Table legend: (Time is in decaauts)
 A = Elapsed time spent in this place.
 B = Non-inter-level travel time spent in this place.
 C = Inter-level travel time spent in this place.
 D = Time resting spent in this place.
 E = Time spent auto-exploring this place.
 F = Levels seen in this place.
 G = Mean time per level.
                   A        B        C        D        E       F      G
               +--------+--------+--------+--------+--------+-----+--------+
         Total |   1131 |   1115 |     16 |      0 |    924 |   3 |  377.0 |
       Dungeon |   1131 |   1115 |     16 |      0 |    924 |   3 |  377.0 |
               +--------+--------+--------+--------+--------+-----+--------+

Top non-repeatable levels by time:
     D:2: 616 daAuts
     D:1: 358 daAuts
     D:3: 156 daAuts
